[ AOE2 MATCH · #506933591 ]
UnrankedCumans vs Portuguese
Player's team · WIN
[ REPLAY ANALYSIS · EXTRACTED FROM THE RECORDED GAME ]
Feudal
9:00
Castle
—
Imperial
—
| APM avg | 49.8 |
| APM peak | 96 |
| eAPM avg | 23.2 |
| Villagers / military | 42 / 15 |
Focus
⚔️ 35.0% · 🌾 65.0%
Spearman ×6 · Scout Cavalry ×5 · Battering Ram ×4
Feudal
11:24
Castle
18:29
Imperial
—
| APM avg | 49.2 |
| APM peak | 83 |
| eAPM avg | 20.7 |
| Villagers / military | 40 / 1 |
Focus
⚔️ 26.8% · 🌾 73.2%
Mangonel ×1
Match map
Initial resources + every placement click. Lines = walls · curves = elevation contours. ◆ gold · ⬟ stone · ● berries · ✦ relic · ◌ wall gap
Your base· ✓ Closed at 12:00 · 0t walls · 2 gate(s)
TdB.Markus's base· ✓ Closed at 18:29 · 20t walls · 5 gate(s)
Smoothed initial terrain · ◌ = detected wall gap · hover for details
Inputs per minute
— MztK | FeNiX - - TdB.Markus
Build order — MztK | FeNiX
99 actions detected in the replay
| 0:00 | Queue | Villager (Male) |
| 0:02 | Build | House |
| 0:03 | Build | House |
| 0:27 | Queue | Villager (Male) |
| 0:27 | Queue | Villager (Male) |
| 0:28 | Queue | Villager (Male) |
| 1:20 | Build | Lumber Camp |
| 1:33 | Queue | Villager (Male) |
| 1:50 | Queue | Villager (Male) |
| 1:50 | Queue | Villager (Male) |
| 2:09 | Queue | Villager (Male) |
| 3:01 | Build | House |
| 3:05 | Queue | Villager (Male) |
| 3:05 | Queue | Villager (Male) |
| 3:05 | Queue | Villager (Male) |
| 3:41 | Queue | Villager (Male) |
| 4:21 | Queue | Villager (Male) |
| 4:22 | Queue | Villager (Male) |
| 5:10 | Queue | Villager (Male) |
| 5:24 | Build | Mining Camp |
| 5:50 | Research | Loom |
| 5:52 | Queue | Villager (Male) |
| 6:08 | Research | Loom |
| 6:44 | Research | Feudal Age |
| 6:44 | Research | Feudal Age |
| 8:14 | Build | House |
| 8:40 | Queue | Villager (Male) |
| 8:40 | Queue | Villager (Male) |
| 8:40 | Queue | Villager (Male) |
| 8:41 | Queue | Villager (Male) |
| 8:41 | Queue | Villager (Male) |
| 9:00 | Age | Feudal Age |
| 9:03 | Build | Watch Tower |
| 9:04 | Queue | Villager (Male) |
| 9:26 | Build | Blacksmith |
| 9:28 | Queue | Villager (Male) |
| 9:42 | Research | Double-Bit Axe |
| 9:48 | Build | House |
| 10:04 | Build | Siege Workshop |
| 10:36 | Queue | Villager (Male) |
| 10:36 | Queue | Villager (Male) |
| 10:37 | Queue | Villager (Male) |
| 10:46 | Queue | Battering Ram |
| 11:22 | Build | Watch Tower |
| 11:48 | Queue | Villager (Male) |
| 11:48 | Queue | Villager (Male) |
| 11:48 | Queue | Villager (Male) |
| 11:53 | Build | Mining Camp |
| 12:25 | Queue | Villager (Male) |
| 12:25 | Queue | Villager (Male) |
| 12:43 | Build | Mill |
| 13:16 | Queue | Battering Ram |
| 13:17 | Queue | Villager (Male) |
| 13:20 | Build | House |
| 14:42 | Build | Watch Tower |
| 14:54 | Build | Watch Tower |
| 15:04 | Queue | Villager (Male) |
| 15:16 | Queue | Villager (Male) |
| 15:35 | Build | House |
| 15:42 | Build | Barracks |
| 15:45 | Queue | Battering Ram |
| 15:56 | Research | Fletching |
| 15:56 | Research | Fletching |
| 15:56 | Queue | Villager (Male) |
| 16:44 | Queue | Villager (Male) |
| 17:07 | Build | House |
| 17:08 | Queue | Spearman |
| 17:09 | Queue | Spearman |
| 17:35 | Build | House |
| 17:36 | Queue | Villager (Male) |
| 17:53 | Build | Watch Tower |
| 17:58 | Queue | Spearman |
| 17:58 | Queue | Spearman |
| 18:37 | Queue | Villager (Male) |
| 18:37 | Queue | Villager (Male) |
| 18:37 | Queue | Villager (Male) |
| 19:03 | Build | House |
| 19:24 | Build | House |
| 20:01 | Build | Stable |
| 20:04 | Queue | Villager (Male) |
| 20:06 | Build | Farm |
| 20:06 | Build | Farm |
| 20:07 | Build | Farm |
| 20:07 | Build | Farm |
| 20:07 | Build | Farm |
| 20:24 | Build | Mining Camp |
| 20:56 | Build | Farm |
| 20:57 | Build | Farm |
| 20:59 | Build | Farm |
| 21:34 | Queue | Villager (Male) |
| 21:36 | Build | Market |
| 21:58 | Queue | Scout Cavalry |
| 22:42 | Queue | Scout Cavalry |
| 22:43 | Queue | Scout Cavalry |
| 22:45 | Queue | Scout Cavalry |
| 22:45 | Queue | Scout Cavalry |
| 23:06 | Queue | Spearman |
| 23:06 | Queue | Spearman |
| 23:08 | Queue | Battering Ram |
Build order — TdB.Markus
98 actions detected in the replay
| 0:00 | Queue | Villager (Male) |
| 0:01 | Queue | Villager (Male) |
| 0:01 | Queue | Villager (Male) |
| 0:01 | Queue | Villager (Male) |
| 0:02 | Queue | Villager (Male) |
| 0:03 | Build | House |
| 0:04 | Build | House |
| 1:29 | Queue | Villager (Male) |
| 1:47 | Queue | Villager (Male) |
| 1:57 | Build | Lumber Camp |
| 2:01 | Queue | Villager (Male) |
| 2:46 | Queue | Villager (Male) |
| 2:46 | Queue | Villager (Male) |
| 2:59 | Queue | Villager (Male) |
| 2:59 | Queue | Villager (Male) |
| 3:15 | Queue | Villager (Male) |
| 3:49 | Build | House |
| 4:02 | Queue | Villager (Male) |
| 4:06 | Build | House |
| 4:07 | Build | House |
| 4:17 | Queue | Villager (Male) |
| 4:21 | Build | Mill |
| 4:29 | Build | House |
| 4:37 | Queue | Villager (Male) |
| 4:56 | Queue | Villager (Male) |
| 5:17 | Queue | Villager (Male) |
| 5:40 | Queue | Villager (Male) |
| 5:40 | Queue | Villager (Male) |
| 6:01 | Queue | Villager (Male) |
| 6:01 | Queue | Villager (Male) |
| 6:01 | Queue | Villager (Male) |
| 6:24 | Queue | Villager (Male) |
| 6:29 | Build | Mining Camp |
| 6:40 | Queue | Villager (Male) |
| 7:57 | Build | Farm |
| 8:25 | Build | Farm |
| 8:45 | Research | Feudal Age |
| 8:49 | Queue | Villager (Male) |
| 8:55 | Build | Mining Camp |
| 9:14 | Research | Feudal Age |
| 9:36 | Build | House |
| 9:39 | Build | House |
| 9:44 | Build | House |
| 9:55 | Build | House |
| 9:59 | Build | House |
| 10:07 | Research | Loom |
| 10:09 | Queue | Villager (Male) |
| 10:18 | Build | House |
| 10:23 | Build | Palisade Wall |
| 11:00 | Build | House |
| 11:03 | Build | House |
| 11:12 | Queue | Villager (Male) |
| 11:12 | Queue | Villager (Male) |
| 11:24 | Age | Feudal Age |
| 11:28 | Build | Watch Tower |
| 11:34 | Build | Watch Tower |
| 11:44 | Build | Market |
| 12:11 | Build | Blacksmith |
| 12:17 | Build | Blacksmith |
| 12:26 | Queue | Villager (Male) |
| 12:31 | Queue | Villager (Male) |
| 12:40 | Build | Stone Wall |
| 12:44 | Build | Stone Wall |
| 13:05 | Build | Watch Tower |
| 13:12 | Queue | Villager (Male) |
| 13:58 | Queue | Villager (Male) |
| 14:23 | Queue | Villager (Male) |
| 14:31 | Queue | Villager (Male) |
| 14:43 | Build | Stone Wall |
| 14:47 | Build | Stone Wall |
| 15:11 | Build | Stone Wall |
| 15:50 | Research | Castle Age |
| 15:58 | Build | Gate |
| 16:11 | Build | Stone Wall |
| 16:17 | Build | House |
| 16:44 | Build | Gate |
| 17:00 | Build | Stone Wall |
| 17:03 | Research | Double-Bit Axe |
| 17:07 | Build | Stone Wall |
| 17:09 | Build | Stone Wall |
| 17:41 | Build | Farm |
| 17:51 | Build | House |
| 17:54 | Build | Farm |
| 18:29 | Age | Castle Age |
| 18:34 | Build | Siege Workshop |
| 18:53 | Queue | Villager (Male) |
| 18:59 | Build | House |
| 19:24 | Queue | Mangonel |
| 20:03 | Build | Town Center |
| 20:33 | Build | Stone Wall |
| 20:44 | Build | Mill |
| 21:06 | Queue | Villager (Male) |
| 21:06 | Queue | Villager (Male) |
| 21:10 | Build | House |
| 21:11 | Build | House |
| 21:49 | Build | Castle |
| 22:47 | Queue | Villager (Male) |
| 22:58 | Queue | Villager (Male) |
Match timeline
| 9:00 | MztK | FeNiX · age_up feudal |
| 10:04 | MztK | FeNiX · first_building Siege Workshop |
| 10:23 | TdB.Markus · wall_segment Palisade Wall x4 |
| 11:24 | TdB.Markus · age_up feudal |
| 12:40 | TdB.Markus · wall_segment Stone Wall x3 |
| 12:44 | TdB.Markus · wall_segment Stone Wall x1 |
| 14:34 | TdB.Markus · first_market_sell 500 wood |
| 14:35 | TdB.Markus · first_market_buy 100 food |
| 14:43 | TdB.Markus · wall_segment Stone Wall x4 |
| 14:47 | TdB.Markus · wall_segment Stone Wall x2 |
| 15:11 | TdB.Markus · wall_segment Stone Wall x2 |
| 15:42 | MztK | FeNiX · first_building Barracks |
| 16:11 | TdB.Markus · wall_segment Stone Wall x1 |
| 17:00 | TdB.Markus · wall_segment Stone Wall x1 |
| 17:07 | TdB.Markus · wall_segment Stone Wall x1 |
| 17:09 | TdB.Markus · wall_segment Stone Wall x1 |
| 18:29 | TdB.Markus · age_up castle |
| 18:34 | TdB.Markus · first_building Siege Workshop |
| 20:01 | MztK | FeNiX · first_building Stable |
| 20:33 | TdB.Markus · wall_segment Stone Wall x2 |
| 21:49 | TdB.Markus · first_building Castle |
| 22:44 | MztK | FeNiX · first_market_buy 100 food |
| 23:13 | TdB.Markus · resign |
[ AI ANALYSIS · 1 CREDIT ]
What really happened in this match?
Wolo.gg analyzes every decision: build order, eco, micro, common mistakes by bracket. Personalized analysis on WhatsApp or Discord in 30 seconds.
Civ guide
Cumans
Perfil
Jugador #2326154